 Dungeon Crawl Stone Soup version 0.30-a0-154-gb106f4c828 (webtiles) character file.

Game seed: 15539410452765695489

86 Decritt the Ducker (level 4, 0/35 HPs)
             Began as a Demonspawn Gladiator on Sept 27, 2022.
             Killed from afar by an orc wizard (7 damage)
             ... with a magic dart
             ... on level 3 of the Dungeon.
             The game lasted 00:06:23 (2362 turns).

Decritt the Ducker (Demonspawn Gladiator)           Turns: 2362, Time: 00:06:23

Health: 0/35       AC:  8    Str: 16    XL:     4   Next: 27%
Magic:  4/4        EV:  6    Int: 10    God:
Gold:   30         SH: 20    Dex: 14    Spells: 3/3 levels left

rFire   . . .      SeeInvis .    t - +0 war axe
rCold   . . .      Faith    .    i - +0 tower shield
rNeg    . . .      Spirit   .    m - +0 scale mail
rPois   .          Reflect  +    c - +0 helmet
rElec   .          Harm     .    (no cloak)
rCorr   .          Rampage  .    n - +0 pair of gloves
Will    .....                    (no boots)
Stlth   ..........               k - amulet of reflection
HPRegen 0.11/turn                (no ring)
MPRegen 0.09/turn                (no ring)

@: mighty
A: large bone plates 1, powered by pain 1, condensation shield
a: no special abilities


You were on level 3 of the Dungeon.
You visited 1 branch of the dungeon, and saw 3 of its levels.

You collected 135 gold pieces.
You spent 105 gold pieces at shops.

Inventory:

Hand Weapons
 a - a +0 rapier
 t - a +0 war axe (weapon)
Missiles
 d - 3 throwing nets
 e - a javelin
 u - 2 boomerangs (quivered)
Armour
 b - a +0 leather armour
 c - a +0 helmet (worn)
 i - a +0 tower shield (worn)
 m - a +0 scale mail (worn)
 n - a +0 pair of gloves (worn)
Jewellery
 k - an amulet of reflection (around neck)
 p - the Hermit's Pendant {Faith Invo=14 Evo=0 MP+5}
   (You took it off a kobold on level 2 of the Dungeon)

   [amulet of faith]

   It sets your invocations skill to 14 and your evocations skill to 0.
   It allows you to gain divine favour quickly.
   MP:        It affects your magic capacity (+5).
Scrolls
 f - 2 scrolls of fear {unknown}
 g - 2 scrolls of identify {unknown}
 j - a scroll of silence {unknown}
 r - a scroll of teleportation {unknown}
Potions
 h - a potion of ambrosia {unknown}
 l - a potion of invisibility {unknown}
 o - a potion of flight {unknown}


   Skills:
 * Level 3.0 Fighting
 - Level 2.8(3.0) Short Blades
 - Level 1.0(2.1) Long Blades
 * Level 0.7 Axes
 - Level 1.7 Throwing
 + Level 1.2 Armour
 + Level 3.1 Dodging
 + Level 0.8 Shields


You had 3 spell levels left.
You didn't know any spells.
Your spell library contained the following spells:

 Spells                   Type           Power      Damage    Failure   Level
 Ensorcelled Hibernation  Hex/Ice        0%         N/A       100%        2
 Spider Form              Tmut/Pois      0%         N/A       100%        3
 Anguish                  Hex/Necr       0%         N/A       100%        4


Dungeon Overview and Level Annotations

Branches:
Dungeon (3/15)

Altars:

Shops:
D:2 (=(=


Innate Abilities, Weirdness & Mutations

You are partially covered in large bone plates. (SH +4)
You sometimes gain a little power by taking damage.
A meltable shield of frost defends you. (SH +0)


Message History

You barely miss something. Something hits you but does no damage.
You block something's attack.
You closely miss something. Something hits you but does no damage.
You hear some strange, mumbled words.
A puff of flame appears from out of thin air!
The puff of flame hits you!
Your condensation shield dissipates!
* * * LOW HITPOINT WARNING * * *
You feel better. Something hits you.
* * * LOW HITPOINT WARNING * * *
You barely miss something. Something hits you.
* * * LOW HITPOINT WARNING * * *
Something hits you.
* * * LOW HITPOINT WARNING * * *
You feel better. Something hits you.
* * * LOW HITPOINT WARNING * * *
You closely miss something.
An orc wizard appears from thin air!
Reactivating autopickup.
You block the orc wizard's attack.
You miss the orc wizard.
The orc wizard is heavily wounded.
You block the orc wizard's attack. x2
You hit the orc wizard but do no damage.
The orc wizard is heavily wounded.
The orc wizard casts a spell.
The orc wizard flickers and vanishes!
Deactivating autopickup; reactivate with Ctrl-A.
Something hits you but does no damage.
You hit something but do no damage.
You hear some strange, mumbled words.
A magic dart appears from out of thin air!
The magic dart hits you.
* * * LOW HITPOINT WARNING * * *
You block something's attack.
It was a potion of might.
You feel very mighty all of a sudden.
You hear some strange, mumbled words.
A magic dart appears from out of thin air!
The magic dart hits you!
You die...

#####..........###
#.#...#............# # #
#.#.#.#†...........# ..
.##.#.#.#......##....#
........................
###.##.#.#.#.#...........
.............#.##########
.......#.....#.# #
......){@..#.#.#
.....#)#####.#.# ... <[.
..#.# # ###. ###.# .. #.#
#. #+# #. #.


There were no monsters in sight!

Vanquished Creatures
  An orc priest (D:3)
  An adder (D:2)
  A worm (D:2)
  3 orcs (D:3)
  7 bats
  An endoplasm (D:3)
  2 giant cockroaches
  3 goblins
  3 hobgoblins
  4 jackals (D:2)
  5 kobolds
  2 quokkas
  A ball python (D:3)
  2 frilled lizards
  6 rats
42 creatures vanquished.

Notes
Turn   | Place    | Note
-------+----------+-------------------------------------------
     0 | D:1      | Decritt the Demonspawn Gladiator began the quest for the
                  | Orb.
     0 | D:1      | Reached XP level 1. HP: 16/16 MP: 1/1
   648 | D:1      | Gained mutation: A meltable shield of frost defends you.
                  | (SH +0) [demonic ancestry]
   648 | D:1      | Reached XP level 2. HP: 22/22 MP: 2/2
  1392 | D:2      | Found Xetot's Jewellery Boutique.
  1493 | D:2      | Gained mutation: You are partially covered in large bone
                  | plates. (SH +4) [demonic ancestry]
  1493 | D:2      | Reached XP level 3. HP: 8/28 MP: 3/3
  1885 | D:2      | Found Ipsazats's Weapon Shop.
  2047 | D:2      | Reached skill level 1 in Long Blades
  2142 | D:2      | Found Niyg's Jewellery Emporium.
  2175 | D:2      | Found Dimmum's Antique Weapon Emporium.
  2185 | D:2      | Reached skill level 1 in Armour
  2189 | D:2      | Bought a war axe for 105 gold pieces
  2345 | D:3      | Gained mutation: You sometimes gain a little power by
                  | taking damage. [demonic ancestry]
  2345 | D:3      | Reached XP level 4. HP: 16/35 MP: 4/4
  2362 | D:3      | Killed from afar by an orc wizard

Illustrated notes

Levels and vault maps discovered:
D:1:      scummos_arrival_hexagon, layout_loops_ring, roderic_lattice_a
D:2:      layout_basic, serial_shops, nicolae_shop_overgrown_old_shop, shop,
          shop_statue, nicolae_shop_stone
D:3:      layout_basic, nicolae_ecumenical_lake_church

Skill      XL: |  1  2  3 |
---------------+----------+-----
Long Blades    | 1 |  1.0
Dodging        | 3 |  3.1
Armour         | 1 |  1.2
Fighting       | 3 |  3.0
Short Blades   | |  2.8
Axes           | |  0.7
Throwing       | |  1.7
Shields        | |  0.8

Action                   |  1- 3 |  4- 6 || total
-------------------------+-------+-------++-------
Melee: Rapier            |   162 |       ||   162
       War axe           |    16 |    12 ||    28
Throw: Boomerang         |     6 |       ||     6
  Use: Potion            |     1 |     3 ||     4
Armor: Leather armour    |    29 |       ||    29
       Scale mail        |    14 |    13 ||    27
Dodge: Dodged            |    44 |       ||    44
Block: Tower shield      |   221 |     5 ||   226

Table legend: (Time is in decaauts)
 A = Elapsed time spent in this place.
 B = Non-inter-level travel time spent in this place.
 C = Inter-level travel time spent in this place.
 D = Time resting spent in this place.
 E = Time spent auto-exploring this place.
 F = Levels seen in this place.
 G = Mean time per level.
                   A        B        C        D        E       F      G
               +--------+--------+--------+--------+--------+-----+--------+
         Total |   2462 |   2404 |     58 |    381 |   1494 |   3 |  820.7 |
       Dungeon |   2462 |   2404 |     58 |    381 |   1494 |   3 |  820.7 |
               +--------+--------+--------+--------+--------+-----+--------+

Top non-repeatable levels by time:
     D:1: 1375 daAuts
     D:2: 920 daAuts
     D:3: 166 daAuts
